[Event "EYCC Open-U14 2019"]
[Site "Bratislava"]
[Date "2019.08.09"]
[Round "8.3"]
[White "Kirillov, Dmitry"]
[Black "Can, Isik"]
[Result "1/2-1/2"]
[ECO "C77"]
[WhiteElo "2244"]
[BlackElo "2374"]
[Annotator "NA"]
[PlyCount "113"]
[EventDate "2019.08.02"]
[EventType "swiss"]
[EventCountry "SVK"]
[SourceTitle "playchess.com"]
[Source "ChessBase"]
[SourceQuality "1"]
[TimeControl "40/5400+30:1800+30"]

1. e4 e5 2. Nf3 Nc6 3. Bb5 a6 4. Ba4 Nf6 5. d3 d6 6. a3 g6 7. O-O Bg7 8. Nc3 O-O 9. h3 Nd7 10. Bb3 Nc5 11. Ba2 Be6 12. Nd5 Nd4 13. b4 Na4 14. Nxd4 exd4 15. c4 b5 16. Qc2 Bxd5 17. cxd5 f5 18. Bd2 Nc3 19. Rae1 f4 20. g3 Be5 21. f3 Rb8 22. Bb3 h5 23. Bc1 Qg5 24. Qg2 Qh4 25. g4 hxg4 26. Qxg4 Qh7 27. Rf2 Rf6 28. Rh2 Kf8 29. Kh1 Ke7 30. Bd2 Rg8 31. Bxc3 dxc3 32. Qg1 Rff8 33. Qa7 Qh4 34. Rg1 Rc8 35. d4 Bh8 36. e5 Rgd8 37. Qxa6 Qh5 38. Rg4 Qf5 39. Bc2 Qf7 40. Be4 dxe5 41. Rxg6 exd4 42. Qxb5 Bf6 43. Qc5+ Rd6 44. Bf5 Qxd5 45. Bxc8 Qxc5 46. bxc5 Rd8 47. Bf5 d3 48. Rg1 Bd4 49. Rd1 c2 50. Rxc2 dxc2 51. Bxc2 Ke6 52. Be4 Ke5 53. Rd2 Rb8 54. c6 Ra8 55. Rd3 Rg8 56. Rb3 Bc5 57. Rd3 1/2-1/2

[Event "EYCC Open-U14 2019"]
[Site "Bratislava"]
[Date "2019.08.09"]
[Round "8.4"]
[White "Krastev, Alexander"]
[Black "Tadic, Stefan"]
[Result "1/2-1/2"]
[ECO "B29"]
[WhiteElo "2325"]
[BlackElo "2262"]
[Annotator "NA"]
[PlyCount "109"]
[EventDate "2019.08.02"]
[EventType "swiss"]
[EventCountry "SVK"]
[SourceTitle "playchess.com"]
[Source "ChessBase"]
[SourceQuality "1"]
[TimeControl "40/5400+30:1800+30"]

1. e4 c5 2. Nf3 Nf6 3. e5 Nd5 4. Nc3 Nxc3 5. dxc3 e6 6. Bf4 Qb6 7. b3 Nc6 8. Bd3 Qc7 9. O-O h6 10. Qe2 b6 11. Nd2 Ne7 12. Bg3 Bb7 13. a4 Nd5 14. Ne4 Be7 15. a5 bxa5 16. Ra2 Qb6 17. Rfa1 O-O 18. Rxa5 f5 19. exf6 Nxf6 20. c4 Qc6 21. Re1 a6 22. Be5 d6 23. Bb2 Rae8 24. Raa1 Qc7 25. Nxf6+ Bxf6 26. Bxf6 Rxf6 27. Be4 Ref8 28. Bxb7 Qxb7 29. f3 d5 30. Ra5 Rc8 31. Rea1 Rc6 32. R5a4 d4 33. Qe4 Qc8 34. Ra5 Rf8 35. Qd3 Rf5 36. Re1 Qc7 37. Raa1 Rh5 38. g3 Rg5 39. Kg2 Qf7 40. Qe4 Qc7 41. g4 Kf7 42. h4 Rg6 43. Qe5 Qe7 44. Qh5 Qd6 45. f4 Rb6 46. Rad1 a5 47. Rd3 a4 48. Ra1 Qc6+ 49. Kg3 axb3 50. Ra7+ Rb7 51. Rxb7+ Qxb7 52. cxb3 Qe4 53. Rf3 Qe1+ 54. Kh3 Qh1+ 55. Kg3 1/2-1/2

[Event "EYCC Open-U14 2019"]
[Site "Bratislava"]
[Date "2019.08.09"]
[Round "8.5"]
[White "Mitusov, Semen"]
[Black "Makoveev, Ilya"]
[Result "1/2-1/2"]
[ECO "B22"]
[WhiteElo "2199"]
[BlackElo "2288"]
[Annotator "NA"]
[PlyCount "60"]
[EventDate "2019.08.02"]
[EventType "swiss"]
[EventCountry "SVK"]
[SourceTitle "playchess.com"]
[Source "ChessBase"]
[SourceQuality "1"]
[TimeControl "40/5400+30:1800+30"]

1. e4 c5 2. c3 Nf6 3. e5 Nd5 4. d4 cxd4 5. cxd4 d6 6. Nf3 Nc6 7. Bc4 Nb6 8. Bb3 dxe5 9. Nxe5 e6 10. Nxc6 bxc6 11. O-O Be7 12. Nc3 O-O 13. Be3 a5 14. Rc1 Ba6 15. Re1 Nc4 16. Bxc4 Bxc4 17. Qa4 Bd5 18. Nxd5 cxd5 19. Rc2 Bd6 20. a3 Qh4 21. g3 Qe7 22. Qc6 Rfd8 23. Rec1 a4 24. Kg2 h6 25. Kg1 Kh7 26. Kg2 Qa7 27. Qb5 Rab8 28. Qd3+ Kg8 29. Qd2 Qb7 30. Bf4 Qe7 1/2-1/2

[Event "EYCC Open-U14 2019"]
[Site "Bratislava"]
[Date "2019.08.09"]
[Round "8.6"]
[White "Chyzy, Jakub"]
[Black "Antonica, Dragos-Andrei"]
[Result "1/2-1/2"]
[ECO "C16"]
[WhiteElo "2093"]
[BlackElo "2124"]
[Annotator "NA"]
[PlyCount "101"]
[EventDate "2019.08.02"]
[EventType "swiss"]
[EventCountry "SVK"]
[SourceTitle "playchess.com"]
[Source "ChessBase"]
[SourceQuality "1"]
[TimeControl "40/5400+30:1800+30"]

1. e4 e6 2. d4 d5 3. Nc3 Bb4 4. e5 b6 5. Bd2 a5 6. a3 Bf8 7. Bb5+ c6 8. Ba4 Ne7 9. Nce2 Ba6 10. c3 Bd3 11. Ng3 Bg6 12. N1e2 Nf5 13. Nf4 Be7 14. Bc2 Nh4 15. O-O Bg5 16. Nfh5 Bxd2 17. Qxd2 O-O 18. f4 Nd7 19. f5 Nxf5 20. Bxf5 exf5 21. Nf4 Re8 22. Rae1 Nf8 23. Nd3 Qd7 24. Qf2 Ra7 25. h4 h6 26. Re3 Bh7 27. Rf3 f4 28. Nxf4 Ng6 29. Nxg6 Bxg6 30. h5 Bh7 31. Nf5 Bxf5 32. Rxf5 Re6 33. Qg3 Qe7 34. R5f4 Qf8 35. Rg4 Kh8 36. Rg6 Rae7 37. Qg4 Qg8 38. Rxe6 Rxe6 39. Qf5 f6 40. exf6 Rxf6 41. Qe5 Rxf1+ 42. Kxf1 Qc8 43. Kf2 Kh7 44. Kg3 Kh8 45. Kf4 Qf8+ 46. Qf5 Qd6+ 47. Qe5 Qf8+ 48. Qf5 Qd6+ 49. Kf3 Qd8 50. Qe6 Qg5 51. g4 1/2-1/2

[Event "EYCC Open-U14 2019"]
[Site "Bratislava"]
[Date "2019.08.09"]
[Round "8.7"]
[White "Biletskiy, Danylo"]
[Black "Morgunov, Marc"]
[Result "1-0"]
[ECO "C47"]
[WhiteElo "2105"]
[BlackElo "2314"]
[Annotator "NA"]
[PlyCount "147"]
[EventDate "2019.08.02"]
[EventType "swiss"]
[EventCountry "SVK"]
[SourceTitle "playchess.com"]
[Source "ChessBase"]
[SourceQuality "1"]
[TimeControl "40/5400+30:1800+30"]

1. e4 e5 2. Nf3 Nc6 3. Nc3 Nf6 4. d4 exd4 5. Nxd4 Bb4 6. Nxc6 bxc6 7. Bd3 d5 8. exd5 cxd5 9. O-O O-O 10. h3 c6 11. Qf3 Bd6 12. Bf4 Rb8 13. b3 Qc7 14. Bxd6 Qxd6 15. Rfe1 Bd7 16. Qg3 Qxg3 17. fxg3 c5 18. Re7 Rfd8 19. g4 h6 20. Bf5 Kf8 21. Rae1 Bxf5 22. gxf5 d4 23. Na4 Nd7 24. Kf2 c4 25. Nb2 d3 26. Nxc4 Nc5 27. Rc7 Rd5 28. Kg1 Rxf5 29. cxd3 Nxd3 30. Re3 Nf4 31. Rf3 a6 32. Nd6 Rf6 33. Rxf7+ Rxf7 34. Nxf7 Kxf7 35. Rxf4+ Ke6 36. Ra4 Rb6 37. Ra5 Kd7 38. Kf2 Re6 39. Kf3 Kc7 40. b4 Kb6 41. a4 Rf6+ 42. Kg3 Rg6+ 43. Kh2 Rf6 44. Re5 Kc6 45. Kg3 Kd6 46. Ra5 Ke7 47. Kg4 Rd6 48. Kf5 g6+ 49. Ke5 Rb6 50. b5 axb5 51. axb5 Re6+ 52. Kd5 Re2 53. b6 Kd7 54. Ra7+ Kc8 55. g4 Re3 56. h4 Rg3 57. g5 hxg5 58. hxg5 Rb3 59. Kc6 Rc3+ 60. Kd6 Rb3 61. Rc7+ Kb8 62. Rc5 Kb7 63. Ke7 Kxb6 64. Rc8 Kb7 65. Rg8 Kc7 66. Rxg6 Rg3 67. Rg8 Re3+ 68. Kf7 Kd7 69. Ra8 Rf3+ 70. Kg7 Ke7 71. g6 Rg3 72. Ra2 Ke6 73. Re2+ Kf5 74. Kf7 1-0

[Event "EYCC Open-U14 2019"]
[Site "Bratislava"]
[Date "2019.08.09"]
[Round "8.8"]
[White "Stukan, Martin"]
[Black "Pasztor, Balazs"]
[Result "0-1"]
[ECO "C96"]
[WhiteElo "2303"]
[BlackElo "2140"]
[Annotator "NA"]
[PlyCount "106"]
[EventDate "2019.08.02"]
[EventType "swiss"]
[EventCountry "SVK"]
[SourceTitle "playchess.com"]
[Source "ChessBase"]
[SourceQuality "1"]
[TimeControl "40/5400+30:1800+30"]

1. e4 e5 2. Nf3 Nc6 3. Bb5 a6 4. Ba4 Nf6 5. O-O Be7 6. Re1 b5 7. Bb3 d6 8. c3 O-O 9. h3 Na5 10. Bc2 c5 11. d4 Nd7 12. Nbd2 exd4 13. cxd4 Re8 14. Nf1 Nc6 15. d5 Nce5 16. N3h2 Bh4 17. a4 b4 18. Ne3 c4 19. Nf5 Nc5 20. Nxh4 Qxh4 21. Nf3 Nxf3+ 22. Qxf3 Bd7 23. Bf4 Qf6 24. Qg3 b3 25. Bxd6 Qxb2 26. Bxc5 bxc2 27. Qe3 Qb3 28. a5 Rab8 29. Bb6 Rb7 30. Ra3 Qxe3 31. Raxe3 Ba4 32. g4 f6 33. f3 Kf7 34. Kf2 h5 35. f4 Rbe7 36. Kf3 hxg4+ 37. hxg4 Rh8 38. Kg3 Rhe8 39. Kf3 Rh8 40. e5 Rh3+ 41. Ke4 Rh2 42. e6+ Kg8 43. Ra3 Re2+ 44. Re3 Rd2 45. Rc3 Bc6 46. Ke3 Rh2 47. Rc1 Bxd5 48. f5 Rg2 49. Kd4 Bc6 50. Kc5 Bb5 51. R1xc2 Rxg4 52. Rh2 Rg5 53. Rch3 Rxe6 0-1

[Event "EYCC Open-U14 2019"]
[Site "Bratislava"]
[Date "2019.08.09"]
[Round "8.9"]
[White "Trofimov, Pavel"]
[Black "Tsaruk, Maksim"]
[Result "1/2-1/2"]
[ECO "E50"]
[WhiteElo "2151"]
[BlackElo "2230"]
[Annotator "NA"]
[PlyCount "74"]
[EventDate "2019.08.02"]
[EventType "swiss"]
[EventCountry "SVK"]
[SourceTitle "playchess.com"]
[Source "ChessBase"]
[SourceQuality "1"]
[TimeControl "40/5400+30:1800+30"]

1. d4 Nf6 2. c4 e6 3. Nc3 Bb4 4. e3 O-O 5. Nf3 b6 6. Bd2 Bb7 7. Bd3 c5 8. a3 Bxc3 9. Bxc3 cxd4 10. Nxd4 a6 11. O-O d6 12. Re1 Nbd7 13. Bf1 Ne4 14. Rc1 Qh4 15. Qc2 Nxc3 16. Qxc3 Rac8 17. Nb3 Ne5 18. Qd4 Ng4 19. Qf4 e5 20. Qg3 Qxg3 21. hxg3 Nf6 22. Red1 Rfd8 23. Be2 Bc6 24. Nd2 a5 25. Bf3 Kf8 26. Kf1 Ke7 27. Ke1 Bd7 28. Ne4 Nxe4 29. Bxe4 Be6 30. Bd5 f5 31. Bxe6 Kxe6 32. Rd5 Rc5 33. Rxc5 bxc5 34. Kd2 Rb8 35. Kc2 h5 36. Rh1 g6 37. Rd1 e4 1/2-1/2

[Event "EYCC Open-U14 2019"]
[Site "Bratislava"]
[Date "2019.08.09"]
[Round "8.10"]
[White "Yaniv, Yuval"]
[Black "Grigoryan, Aram"]
[Result "1/2-1/2"]
[ECO "A45"]
[WhiteElo "2135"]
[BlackElo "1947"]
[Annotator "NA"]
[PlyCount "193"]
[EventDate "2019.08.02"]
[EventType "swiss"]
[EventCountry "SVK"]
[SourceTitle "playchess.com"]
[Source "ChessBase"]
[SourceQuality "1"]
[TimeControl "40/5400+30:1800+30"]

1. d4 Nf6 2. Bg5 Ne4 3. Bf4 d5 4. e3 c5 5. Bd3 Nc6 6. Bxe4 dxe4 7. d5 Nb4 8. Nc3 e6 9. d6 Qa5 10. Qd2 Nd5 11. O-O-O b6 12. Nxd5 Qxd2+ 13. Rxd2 exd5 14. Rxd5 Be6 15. Rd2 Kd7 16. Ne2 Kc6 17. h3 Rd8 18. Rhd1 h6 19. Nc3 f5 20. a4 Rh7 21. Nd5 Bxd5 22. Rxd5 g5 23. Be5 Rhd7 24. R1d2 Bxd6 25. Bf6 Bf8 26. Rxd7 Rxd7 27. Rxd7 Kxd7 28. g4 Ke6 29. Bc3 Bd6 30. Kd2 fxg4 31. hxg4 Kf7 32. Ke2 Kg6 33. b3 h5 34. gxh5+ Kxh5 35. Bf6 Kg6 36. Bd8 Kf5 37. a5 bxa5 38. Bxa5 g4 39. Bd8 Ke5 40. Kf1 Kd5 41. c4+ Ke6 42. Kg2 Kf5 43. Bh4 a6 44. Kf1 Ke6 45. Ke2 Bc7 46. Kd2 Ba5+ 47. Kc2 Bb4 48. Kd1 Ba5 49. Bg3 Bc3 50. Ke2 Be5 51. Bh4 Bf6 52. Bg3 Be5 53. Bxe5 Kxe5 54. Kf1 Kf5 55. Kg2 Kg6 56. Kg3 Kg5 57. Kg2 Kh4 58. b4 cxb4 59. c5 b3 60. c6 b2 61. c7 b1=Q 62. c8=Q Qb5 63. Qd8+ Kh5 64. Qh8+ Kg5 65. Qg7+ Kf5 66. Qf7+ Kg5 67. Qf4+ Kh5 68. Kg3 Qg5 69. Qxe4 Qh4+ 70. Kg2 Qh3+ 71. Kg1 Qf3 72. Qe8+ Kg5 73. Qg8+ Kh5 74. Qh7+ Kg5 75. Qg7+ Kh5 76. Qe5+ Kh4 77. Qe7+ Kh5 78. Qe8+ Kg5 79. Qd8+ Kh5 80. Qa5+ Kh4 81. Qd8+ Kh5 82. Qa5+ Kh4 83. Qxa6 g3 84. Qh6+ Kg4 85. Qg7+ Kh4 86. Qd4+ Kh3 87. Qd7+ Kh4 88. Qe7+ Kh3 89. Qe6+ Kh4 90. fxg3+ Kxg3 91. Qe5+ Kg4 92. e4 Qd1+ 93. Kf2 Qd2+ 94. Kg1 Qe1+ 95. Kg2 Qe2+ 96. Kg1 Qe1+ 97. Kg2 1/2-1/2

[Event "EYCC Open-U14 2019"]
[Site "Bratislava"]
[Date "2019.08.09"]
[Round "8.11"]
[White "Kristoferitsch, Daniel"]
[Black "Sokolovsky, Yahli"]
[Result "0-1"]
[ECO "E97"]
[WhiteElo "2108"]
[BlackElo "2093"]
[Annotator "NA"]
[PlyCount "126"]
[EventDate "2019.08.02"]
[EventType "swiss"]
[EventCountry "SVK"]
[SourceTitle "playchess.com"]
[Source "ChessBase"]
[SourceQuality "1"]
[TimeControl "40/5400+30:1800+30"]

1. d4 Nf6 2. c4 g6 3. Nc3 Bg7 4. e4 d6 5. Nf3 O-O 6. Be2 e5 7. O-O Nc6 8. d5 Ne7 9. b4 a5 10. Ba3 axb4 11. Bxb4 b6 12. a4 Re8 13. Re1 Bf8 14. Bf1 c5 15. Ba3 Bg7 16. Bb2 Rf8 17. Nb5 Ne8 18. Bc3 h6 19. a5 bxa5 20. Qa4 f5 21. Bxa5 Qd7 22. Nc3 Qxa4 23. Rxa4 Nf6 24. Nd2 Bd7 25. Raa1 Ra7 26. Nb5 Bxb5 27. cxb5 Nxe4 28. Nxe4 fxe4 29. b6 Raa8 30. Bb5 Rfb8 31. Reb1 Rxa5 32. Rxa5 Rxb6 33. Ra6 Rb8 34. Rxd6 c4 35. Rc6 Nxc6 36. dxc6 Kh7 37. Kf1 c3 38. c7 Rc8 39. Bc6 Rxc7 40. Bxe4 h5 41. Ke2 Bh6 42. Kd1 Rc4 43. Bd3 Rd4 44. Kc2 e4 45. Bf1 Bd2 46. Bb5 Rd6 47. Rb4 Rb6 48. Rb1 Rf6 49. Rf1 Kg7 50. Bc4 Rf5 51. Ba6 Kf6 52. Bc4 Ke5 53. h3 Kd4 54. Bb3 h4 55. Be6 Rf6 56. Bb3 Kc5 57. Kd1 Kd4 58. Kc2 Rf8 59. Ba2 Kc5 60. Kd1 Rb8 61. Ke2 Rb2 62. Bf7 Bf4+ 63. Kd1 c2+ 0-1

[Event "EYCC Open-U14 2019"]
[Site "Bratislava"]
[Date "2019.08.09"]
[Round "8.12"]
[White "Talibov, Shiroghlan"]
[Black "Levin, Guy"]
[Result "1/2-1/2"]
[ECO "A21"]
[WhiteElo "1882"]
[BlackElo "2005"]
[Annotator "NA"]
[PlyCount "75"]
[EventDate "2019.08.02"]
[EventType "swiss"]
[EventCountry "SVK"]
[SourceTitle "playchess.com"]
[Source "ChessBase"]
[SourceQuality "1"]
[TimeControl "40/5400+30:1800+30"]

1. c4 e5 2. Nc3 Bb4 3. Nf3 Bxc3 4. dxc3 Nc6 5. e4 d6 6. Bd3 Nge7 7. Qc2 O-O 8. Nh4 Be6 9. h3 Ng6 10. Nxg6 fxg6 11. Be3 Qe7 12. Qe2 a5 13. a4 Nd8 14. h4 h6 15. g3 Qd7 16. f3 b6 17. b3 Nb7 18. Bc2 Nc5 19. O-O-O Rf7 20. Qg2 Raf8 21. f4 Bg4 22. Rd5 Ne6 23. h5 exf4 24. hxg6 fxe3 25. gxf7+ Qxf7 26. Bd1 Qf2 27. Qxf2 exf2 28. Bxg4 f1=Q+ 29. Rxf1 Rxf1+ 30. Kb2 Nc5 31. e5 dxe5 32. b4 axb4 33. cxb4 Na6 34. b5 Nc5 35. a5 Rf2+ 36. Kb1 Rf1+ 37. Kb2 Rf2+ 38. Kb1 1/2-1/2

[Event "EYCC Open-U14 2019"]
[Site "Bratislava"]
[Date "2019.08.09"]
[Round "8.13"]
[White "Borhy, Marcell"]
[Black "Luczak, Filip"]
[Result "1/2-1/2"]
[ECO "A04"]
[WhiteElo "2382"]
[BlackElo "2144"]
[Annotator "NA"]
[PlyCount "84"]
[EventDate "2019.08.02"]
[EventType "swiss"]
[EventCountry "SVK"]
[SourceTitle "playchess.com"]
[Source "ChessBase"]
[SourceQuality "1"]
[TimeControl "40/5400+30:1800+30"]

1. Nf3 c5 2. g3 Nc6 3. c4 g6 4. Bg2 Bg7 5. O-O e5 6. Nc3 Nge7 7. Ne1 O-O 8. Nc2 a6 9. a3 Rb8 10. b4 cxb4 11. axb4 b5 12. c5 a5 13. Rb1 a4 14. Ba3 Nd4 15. Nxd4 exd4 16. Ne4 Nf5 17. d3 Bb7 18. Bh3 Ne7 19. Nd6 Bc6 20. Qd2 Nd5 21. Bg2 Be5 22. Bb2 f5 23. Bxd4 Bxd4 24. Qa2 Be5 25. Bxd5+ Kg7 26. Nf7 Qf6 27. Nxe5 Qxe5 28. Bg2 f4 29. Qb2 Qxb2 30. Rxb2 f3 31. exf3 Bxf3 32. Re1 Bxg2 33. Kxg2 Rbe8 34. Re3 Kf6 35. d4 Rxe3 36. fxe3 Ke6 37. e4 g5 38. h3 h5 39. Rc2 g4 40. hxg4 hxg4 41. c6 Rc8 42. d5+ Ke5 1/2-1/2

[Event "EYCC Open-U14 2019"]
[Site "Bratislava"]
[Date "2019.08.09"]
[Round "8.14"]
[White "Rozen, Eytan"]
[Black "Laptii, Nazar"]
[Result "1-0"]
[ECO "E68"]
[WhiteElo "2260"]
[BlackElo "2133"]
[Annotator "NA"]
[PlyCount "95"]
[EventDate "2019.08.02"]
[EventType "swiss"]
[EventCountry "SVK"]
[SourceTitle "playchess.com"]
[Source "ChessBase"]
[SourceQuality "1"]
[TimeControl "40/5400+30:1800+30"]

1. d4 g6 2. c4 Bg7 3. Nf3 d6 4. g3 Nf6 5. Bg2 O-O 6. O-O Nbd7 7. Nc3 e5 8. e4 c6 9. b3 Re8 10. Bb2 a5 11. Re1 exd4 12. Nxd4 Nc5 13. f3 Nfd7 14. Kh1 Ne5 15. Bf1 h5 16. Be2 Bh3 17. f4 Ng4 18. Bxg4 Bxg4 19. Qd2 Qf6 20. Nc2 Bf3+ 21. Kg1 Qd8 22. e5 dxe5 23. Qe3 Nd3 24. Qxf3 Nxb2 25. Rab1 Nd3 26. Re3 Nc5 27. Rbe1 Qb6 28. Kh1 Rad8 29. fxe5 Rd2 30. R1e2 Red8 31. Qf2 Rxe2 32. Rxe2 Nd7 33. Qxb6 Nxb6 34. Ne4 Rd1+ 35. Kg2 Nd7 36. Nd6 Nc5 37. Ne1 Bf8 38. Ne8 Ne6 39. Nf6+ Kg7 40. Nf3 Bb4 41. h4 b5 42. cxb5 cxb5 43. Rc2 Be7 44. Ng5 Nd4 45. Ne8+ Kf8 46. Rc8 Bxg5 47. Nf6+ Kg7 48. hxg5 1-0

[Event "EYCC Open-U14 2019"]
[Site "Bratislava"]
[Date "2019.08.09"]
[Round "8.15"]
[White "Sobek, Michal"]
[Black "Papadiamandis, Elliot"]
[Result "0-1"]
[ECO "B51"]
[WhiteElo "2101"]
[BlackElo "2202"]
[Annotator "NA"]
[PlyCount "90"]
[EventDate "2019.08.02"]
[EventType "swiss"]
[EventCountry "SVK"]
[SourceTitle "playchess.com"]
[Source "ChessBase"]
[SourceQuality "1"]
[TimeControl "40/5400+30:1800+30"]

1. e4 c5 2. Nf3 d6 3. Bb5+ Nd7 4. c3 Ngf6 5. Qe2 a6 6. Ba4 b5 7. Bc2 Bb7 8. O-O Rc8 9. d4 cxd4 10. cxd4 Rxc2 11. Qxc2 Bxe4 12. Qe2 Qa8 13. a4 b4 14. a5 e6 15. Bd2 Qb7 16. Ra4 d5 17. Rc1 b3 18. Na3 Bd6 19. Qe1 O-O 20. Bb4 Qb8 21. Rc6 Bxb4 22. Rxb4 Qa8 23. Rc7 Qd8 24. Rbb7 Bxf3 25. gxf3 Re8 26. Qe3 e5 27. Qxb3 exd4 28. Nc2 Nh5 29. Qxd5 d3 30. Ne3 Ne5 31. Rd7 Nxd7 32. Rxd7 Qc8 33. Rxf7 Qe6 34. Qxe6 Rxe6 35. Rd7 Nf4 36. Ng2 Nh3+ 37. Kh1 Nxf2+ 38. Kg1 Nh3+ 39. Kh1 Re2 40. b4 d2 41. Ne3 Rxe3 42. Rxd2 Nf4 43. Kg1 Rxf3 44. Rb2 Ra3 45. Rd2 Nd3 0-1

[Event "EYCC Open-U14 2019"]
[Site "Bratislava"]
[Date "2019.08.09"]
[Round "8.16"]
[White "Lopez Varela, Pablo"]
[Black "Weihrauch, Jakob"]
[Result "1/2-1/2"]
[ECO "C54"]
[WhiteElo "2131"]
[BlackElo "2201"]
[Annotator "NA"]
[PlyCount "133"]
[EventDate "2019.08.02"]
[EventType "swiss"]
[EventCountry "SVK"]
[SourceTitle "playchess.com"]
[Source "ChessBase"]
[SourceQuality "1"]
[TimeControl "40/5400+30:1800+30"]

1. e4 e5 2. Nf3 Nc6 3. Bc4 Bc5 4. c3 Nf6 5. d3 O-O 6. O-O d6 7. h3 h6 8. Re1 a6 9. Bb3 Ba7 10. Nbd2 Re8 11. Nf1 Be6 12. N3h2 Bxb3 13. Qxb3 Qd7 14. Be3 d5 15. Bxa7 Rxa7 16. Rad1 d4 17. Ng3 b5 18. Nf5 Ne7 19. Nxe7+ Rxe7 20. cxd4 Qxd4 21. Nf3 Qb6 22. d4 exd4 23. e5 Nd7 24. Rxd4 c5 25. Rd6 c4 26. Qd1 Qc5 27. Rd5 Qc7 28. Qd4 Ra8 29. Nh4 Rae8 30. f4 Nf6 31. Rd6 Qa7 32. Nf5 Rc7 33. Qxa7 Rxa7 34. Nxh6+ gxh6 35. Rxf6 Re6 36. Rxe6 fxe6 37. Kf2 Rd7 38. Ke3 Rd3+ 39. Ke4 Rd2 40. f5 Rxb2 41. fxe6 Kf8 42. Rf1+ Ke7 43. Rf7+ Kxe6 44. Rf6+ Kd7 45. Rxa6 c3 46. e6+ Ke7 47. Rc6 b4 48. a3 bxa3 49. Rxc3 a2 50. Ra3 Kxe6 51. Ra6+ Kd7 52. g4 Kc7 53. h4 Kb7 54. Ra3 Kb6 55. g5 hxg5 56. hxg5 Rb4+ 57. Kf5 Rb5+ 58. Kf6 Ra5 59. Rxa2 Rxa2 60. g6 Rf2+ 61. Ke7 Kc7 62. g7 Re2+ 63. Kf7 Kd7 64. g8=Q Rf2+ 65. Kg7 Rg2+ 66. Kh7 Rxg8 67. Kxg8 1/2-1/2

[Event "EYCC Open-U14 2019"]
[Site "Bratislava"]
[Date "2019.08.09"]
[Round "8.17"]
[White "Revaliente Montoya, Ciro"]
[Black "Gnojek, Petr"]
[Result "0-1"]
[ECO "B80"]
[WhiteElo "1917"]
[BlackElo "2246"]
[Annotator "NA"]
[PlyCount "86"]
[EventDate "2019.08.02"]
[EventType "swiss"]
[EventCountry "SVK"]
[SourceTitle "playchess.com"]
[Source "ChessBase"]
[SourceQuality "1"]
[TimeControl "40/5400+30:1800+30"]

1. e4 c5 2. Nf3 e6 3. d4 cxd4 4. Nxd4 Nf6 5. Nc3 d6 6. Be3 Be7 7. f3 O-O 8. Qd2 a6 9. g4 Nc6 10. O-O-O Nd7 11. h4 Nde5 12. Be2 b5 13. f4 Nxd4 14. Bxd4 Nc6 15. Be3 Qa5 16. a3 b4 17. Nb1 bxa3 18. Nxa3 Qa4 19. Qc3 Bd7 20. Bc4 Rab8 21. h5 Bf6 22. e5 dxe5 23. g5 Be7 24. Rxd7 Bxa3 25. Bb3 Qe4 26. Rhd1 exf4 27. Bd4 Bb4 28. Qc4 Na5 29. Qd3 Nxb3+ 30. cxb3 Qc6+ 31. Bc3 Bxc3 32. Qxc3 Qxc3+ 33. bxc3 Rxb3 34. Kc2 Rb5 35. Rg1 f3 36. g6 hxg6 37. hxg6 f2 38. Rf1 fxg6 39. Rd6 Re5 40. Kd2 Rd5+ 41. Rxd5 exd5 42. Ke3 a5 43. Kd4 a4 0-1

[Event "EYCC Open-U14 2019"]
[Site "Bratislava"]
[Date "2019.08.09"]
[Round "8.18"]
[White "Fule, Simon"]
[Black "Kalosha, Zhiulien Oleksii"]
[Result "1/2-1/2"]
[ECO "C63"]
[WhiteElo "2184"]
[BlackElo "1936"]
[Annotator "NA"]
[PlyCount "46"]
[EventDate "2019.08.02"]
[EventType "swiss"]
[EventCountry "SVK"]
[SourceTitle "playchess.com"]
[Source "ChessBase"]
[SourceQuality "1"]
[TimeControl "40/5400+30:1800+30"]

1. e4 e5 2. Nf3 Nc6 3. Bb5 f5 4. d3 fxe4 5. dxe4 Nf6 6. O-O Bc5 7. Qd3 d6 8. a3 O-O 9. b4 Bb6 10. Bc4+ Kh8 11. Nc3 Bg4 12. Ng5 Qe8 13. h3 Bd7 14. Be3 Bxe3 15. Qxe3 Nd4 16. Rac1 h6 17. Nf3 Nxf3+ 18. Qxf3 Nh5 19. Qe3 Qg6 20. Ne2 Rf6 21. Kh2 Raf8 22. f3 a6 23. g3 b5 1/2-1/2

[Event "EYCC Open-U14 2019"]
[Site "Bratislava"]
[Date "2019.08.09"]
[Round "8.19"]
[White "Andrijashkin, Deniss"]
[Black "Kusa, Jakub"]
[Result "1/2-1/2"]
[ECO "C50"]
[WhiteElo "1862"]
[BlackElo "2199"]
[Annotator "NA"]
[PlyCount "130"]
[EventDate "2019.08.02"]
[EventType "swiss"]
[EventCountry "SVK"]
[SourceTitle "playchess.com"]
[Source "ChessBase"]
[SourceQuality "1"]
[TimeControl "40/5400+30:1800+30"]

1. e4 e5 2. Nf3 Nc6 3. Bc4 Bc5 4. d3 Nf6 5. O-O O-O 6. Bg5 h6 7. Bh4 g5 8. Bg3 d6 9. c3 Bg4 10. h3 Bh5 11. Nbd2 Qd7 12. a4 a5 13. Bb5 Kh7 14. Qb1 Rg8 15. d4 Ba7 16. d5 Bxf3 17. Nxf3 g4 18. Nh4 gxh3 19. Nf5 Rxg3 20. Nxg3 Qg4 21. Qd3 Nh5 22. Qf3 Qxf3 23. gxf3 Nxg3 24. dxc6 Nxf1 25. Rxf1 bxc6 26. Bxc6 Rb8 27. Bb5 c6 28. Bxc6 Rxb2 29. Bd5 Kg6 30. Kh2 Bxf2 31. Kxh3 f6 32. Ra1 Be3 33. Ra2 Rb1 34. Rg2+ Bg5 35. Rc2 h5 36. Be6 Bf4 37. Kg2 Kg5 38. Re2 Ra1 39. Bb3 h4 40. Ra2 Re1 41. Be6 Be3 42. Rb2 Kf4 43. Bg4 Rc1 44. Kh3 Kg5 45. Rb8 Rh1+ 46. Kg2 Ra1 47. Rg8+ Kh6 48. Kh3 Rxa4 49. Bf5 Ra1 50. Rg6+ Kh5 51. Rxf6 Kg5 52. Rxd6 a4 53. Be6 Kf4 54. Bg4 a3 55. Rf6+ Kg5 56. Ra6 a2 57. Kh2 Bf2 58. Be6 Bg3+ 59. Kg2 Rc1 60. Rxa2 Rxc3 61. Bg4 Kf4 62. Rb2 Re3 63. Kh3 Re1 64. Kg2 Rxe4 65. fxe4 Kxg4 1/2-1/2

[Event "EYCC Open-U14 2019"]
[Site "Bratislava"]
[Date "2019.08.09"]
[Round "8.20"]
[White "Guz, Ari"]
[Black "Neumann, Filip"]
[Result "1-0"]
[ECO "A13"]
[WhiteElo "2165"]
[BlackElo "1982"]
[Annotator "NA"]
[PlyCount "69"]
[EventDate "2019.08.02"]
[EventType "swiss"]
[EventCountry "SVK"]
[SourceTitle "playchess.com"]
[Source "ChessBase"]
[SourceQuality "1"]
[TimeControl "40/5400+30:1800+30"]

1. c4 e6 2. g3 d5 3. Bg2 Nf6 4. Nf3 dxc4 5. Qa4+ Nbd7 6. Qxc4 c5 7. O-O a6 8. Qc2 b5 9. b3 Bb7 10. Bb2 Rc8 11. d3 Be7 12. Nbd2 O-O 13. Rac1 Nd5 14. Rfd1 Bf6 15. Ne4 Bxb2 16. Qxb2 Qe7 17. Ne5 N7f6 18. Nxf6+ Nxf6 19. Bxb7 Qxb7 20. d4 cxd4 21. Qxd4 h6 22. e3 Qe4 23. Qxe4 Nxe4 24. Rxc8 Rxc8 25. Rd4 Nc3 26. Rd6 Nxa2 27. Rxa6 Nc3 28. Ra7 f6 29. Ng6 Ne2+ 30. Kf1 Rc2 31. h4 Nc1 32. h5 e5 33. f4 Nd3 34. f5 Rf2+ 35. Kg1 1-0

[Event "EYCC Open-U14 2019"]
[Site "Bratislava"]
[Date "2019.08.09"]
[Round "8.21"]
[White "Grzesik, Gracjan"]
[Black "Musyuk, Lior"]
[Result "0-1"]
[ECO "A22"]
[WhiteElo "2004"]
[BlackElo "2236"]
[Annotator "NA"]
[PlyCount "72"]
[EventDate "2019.08.02"]
[EventType "swiss"]
[EventCountry "SVK"]
[SourceTitle "playchess.com"]
[Source "ChessBase"]
[SourceQuality "1"]
[TimeControl "40/5400+30:1800+30"]

1. c4 e5 2. Nc3 Nf6 3. g3 d5 4. cxd5 Nxd5 5. Bg2 Nb6 6. Nf3 Nc6 7. d3 Be7 8. O-O O-O 9. Be3 Be6 10. a3 a5 11. Rc1 f5 12. Qc2 f4 13. Bxb6 cxb6 14. Qa4 g5 15. Qe4 Bf5 16. Qd5+ Qxd5 17. Nxd5 Bd8 18. Rfe1 g4 19. Nd2 Be6 20. Be4 Rc8 21. e3 fxe3 22. fxe3 b5 23. Kg2 Bg5 24. Nc3 b4 25. Na4 Ne7 26. Nc5 Bd5 27. Nd7 Rfd8 28. Nxe5 Rxc1 29. Rxc1 Bxe3 30. Rc7 Bxd2 31. Rxe7 Bxe4+ 32. dxe4 Bc3 33. bxc3 bxa3 34. Rf7 Rd2+ 35. Kg1 Rd1+ 36. Kg2 a2 0-1